AoeStats
← K

Fortress

509138786Analyzed
4v4 RM · 8d ago on Sep 25, 2026· 46m 8s· 8 players
Game mode
Random Map
Map size
Huge
Population
200
Speed
Normal
Resources
Standard
Victory
Conquest
Starting age
Dark Age
Ending age
Imperial Age
RankedLock teamsTeams togetherTeam positionsShared explorationLock speedFull tech treeHidden civsTurbo modeCheats
Victory
Defeat
🇬🇧 Teutons · United Kingdom
1178
+9
🇨🇳 Cumans · China
1090
+12
🇨🇳 Jurchens · China
1000
+16
🇭🇰 Franks · Hong Kong SAR China
962
+17
🇺🇸 Armenians · United States
1032
-15
🇬🇧 Britons · United Kingdom
1022
-14
🇨🇴 Franks · Colombia
989
-13
🇲🇾 Gurjaras · Malaysia
957
-12
ImPacT_WiZarD
8:15 Feudal Age
13:15 Castle Age
11:56 Double-Bit Axe
12:16 Horse Collar
13:36 Wheelbarrow
16:33 Fletching
16:44 Padded Archer Armor
17:09 Gold Mining
18:02 Bow Saw
20:25 Ballistics
20:28 Leather Archer Armor
21:07 Bodkin Arrow
23:11 Hand Cart
32:05 Imperial Age
31:25 Gold Shaft Mining
31:18 Stone Mining
33:08 Yeomen
33:51 Chemistry
33:16 Caravan
34:38 Conscription
35:15 Masonry
38:11 Ring Archer Armor
37:42 Bracer
37:39 Elite Skirmisher
TDMC | SpAwN_™
0:30 Loom
8:17 Feudal Age
9:19 Double-Bit Axe
9:16 Horse Collar
13:41 Castle Age
11:18 Man-at-Arms
12:03 Long Swordsman
13:31 Gold Mining
13:54 Two-Handed Swordsman
15:12 Wheelbarrow
15:14 Bow Saw
15:32 Squires
18:04 Heavy Plow
24:22 Imperial Age
24:30 Imperial Age
22:46 Scale Mail Armor
23:06 Forging
23:29 Gambesons
26:28 Gold Shaft Mining
25:30 Champion
27:18 Conscription
27:15 Pikeman
28:49 Iron Casting
28:40 Chain Mail Armor
29:29 Hand Cart
30:10 Fereters
32:40 Blast Furnace
32:54 Plate Mail Armor
33:34 Halberdier
38:45 Fletching
39:17 Padded Archer Armor
38:42 Elite Composite Bowman
39:42 Bodkin Arrow
41:08 Masonry
42:39 Bracer
mikesandwash
7:20 Feudal Age
11:55 Castle Age
10:41 Double-Bit Axe
11:20 Horse Collar
12:18 Loom
19:02 Wheelbarrow
18:48 Heavy Plow
19:32 Gold Mining
25:00 Imperial Age
22:32 Town Watch
24:13 Caravan
25:32 Hand Cart
26:35 Fletching
27:38 Bloodlines
27:29 Husbandry
27:44 Forging
27:56 Town Patrol
28:26 Padded Archer Armor
28:32 Scale Barding Armor
30:19 Chain Barding Armor
30:35 Iron Casting
33:01 Plate Barding Armor
34:03 Chemistry
DeadpanFox71524
9:24 Feudal Age
11:58 Double-Bit Axe
14:56 Castle Age
13:37 Forging
14:11 Scale Barding Armor
14:51 Gold Mining
15:14 Loom
16:04 Wheelbarrow
16:27 Husbandry
18:02 Town Watch
21:21 Hand Cart
22:07 Town Patrol
27:05 Iron Casting
28:20 Bow Saw
32:04 Imperial Age
31:15 Chain Barding Armor
32:12 Cavalier
35:40 Light Cavalry
37:29 Gold Shaft Mining
38:34 Chivalry
39:38 Paladin
YuangXue
7:13 Feudal Age
11:09 Double-Bit Axe
11:30 Horse Collar
13:54 Castle Age
15:00 Bow Saw
16:07 Wheelbarrow
19:09 Heavy Plow
19:52 Hand Cart
19:44 Squires
19:30 Gambesons
19:50 Scale Mail Armor
22:48 Gold Mining
23:43 Chain Mail Armor
31:46 Gold Shaft Mining
35:18 Imperial Age
33:49 Fortified Bastions
34:26 Stone Mining
38:01 Elite Fire Lancer
39:17 Heavy Rocket Cart
40:16 Siege Engineers
41:02 Thunderclap Bombs
41:36 Forging
42:41 Fletching
46:31 Chemistry
45:54 Ballistics
SAOWEN
5:05 Loom
7:15 Feudal Age
8:23 Double-Bit Axe
10:17 Horse Collar
13:25 Wheelbarrow
20:26 Castle Age
19:33 Gold Mining
19:39 Stone Mining
19:56 Fletching
20:07 Padded Archer Armor
23:49 Imperial Age
21:36 Hand Cart
21:26 Heavy Plow
21:39 Bow Saw
22:21 Bodkin Arrow
22:42 Leather Archer Armor
24:09 Ballistics
24:34 Gold Shaft Mining
24:37 Cuman Mercenaries
25:56 Parthian Tactics
26:05 Ring Archer Armor
26:36 Chemistry
26:15 Conscription
28:49 Thumb Ring
28:58 Bloodlines
28:59 Guilds
30:45 Elite Kipchak
32:56 Steppe Husbandry
34:36 Scale Barding Armor
34:41 Forging
33:53 Cavalier
36:52 Paladin
38:35 Chain Barding Armor
38:50 Iron Casting
41:36 Plate Barding Armor
42:01 Blast Furnace
41:00 Light Cavalry
43:13 Hussar
diepat
7:42 Loom
10:04 Feudal Age
11:56 Double-Bit Axe
12:17 Town Watch
12:29 Gold Mining
14:42 Castle Age
17:01 Bow Saw
19:38 Imperial Age
17:50 Forging
20:47 Conscription
22:00 Cavalier
25:45 Wheelbarrow
27:03 Iron Casting
28:47 Paladin
33:06 Blast Furnace
32:51 Hand Cart
32:46 Scale Barding Armor
36:14 Husbandry
36:21 Scale Mail Armor
36:41 Chain Barding Armor
36:13 Fletching
39:47 Plate Barding Armor
39:08 Bodkin Arrow
44:00 Chivalry
45:34 Hoardings
44:28 Ordonnance Companies
46:20 Gold Shaft Mining
45:43 Stone Mining
45:59 Padded Archer Armor
K
7:20 Feudal Age
12:13 Castle Age
13:10 Horse Collar
13:16 Double-Bit Axe
14:07 Bow Saw
15:18 Gold Mining
18:13 Loom
18:13 Town Watch
19:05 Wheelbarrow
18:40 Heavy Plow
20:34 Hand Cart
23:41 Imperial Age
21:25 Forging
21:20 Scale Mail Armor
22:56 Bloodlines
24:22 Iron Casting
24:02 Chain Mail Armor
23:55 Scale Barding Armor
25:44 Conscription
26:12 Crop Rotation
26:45 Two-Man Saw
26:29 Stone Mining
26:11 Elite Teutonic Knight
26:26 Cavalier
28:59 Blast Furnace
28:20 Chain Barding Armor
27:56 Gambesons
28:12 Squires
28:19 Elite Teutonic Knight
30:49 Arson
31:27 Chain Barding Armor
31:23 Chain Mail Armor
36:37 Paladin
40:01 Plate Barding Armor
39:56 Plate Mail Armor
43:29 Chemistry
42:35 Siege Engineers
42:53 Ballistics
42:44 Town Patrol
44:59 Pikeman
44:59 Man-at-Arms
Connection lost

Rejoining the realm…

Still unreachable

The connection could not be restored.

Session expired

The server has moved on; the page needs a fresh start.